 Dungeon Crawl Stone Soup version 0.27-a0-1200-g94dc6ad (webtiles) character file.

Game seed: 5770343990333230088

161340 Illumine the Thaumaturge (level 17, -10/142 HPs)
             Began as a Gnoll Hedge Wizard on May 26, 2021.
             Was a High Priest of Ashenzari.
             Mangled by a shock serpent (12 damage)
             ... on level 2 of the Snake Pit on June 1, 2021.
             The game lasted 01:47:56 (32683 turns).

Illumine the Thaumaturge (Gnoll Hedge Wizard)      Turns: 32683, Time: 01:47:57

Health: -10/142    AC: 15    Str: 11    XL:     17   Next: 78%
Magic:  26/48      EV: 14    Int: 24    God:    Ashenzari [*****.]
Gold:   873        SH:  7    Dex: 12    Spells: 6/50 levels left

rFire    . . .     SeeInvis +   s - +6 demon whip (vamp)
rCold    + . .     Faith    .   w - +0 buckler of Toth-Mos's Legacy {Bglg, Fort} (curse)
rNeg     . . .     Spirit   .   p - +3 leather armour "Eternal Serendipity" {rPois, Evo, Bglg} (curse)
rPois    +         Reflect  .   A - +3 hat of Pondering {ponderous, Will+ MP+10 Int+5, Range, Elem} (curse)
rElec    .         Harm     .   e - scarf "Share My Seer" {+Inv, Melee, Alch} (curse)
rCorr    .         Rampage  +   X - +0 pair of gloves of Desmomancy {Elem, Self} (curse)
Will     +++..     Clarity  +   U - +1 pair of boots of Ashenzari's Seer {rampage, Comp, Cun} (curse)
Stlth    +++++.....             Y - amulet "Ruisoc" {rPois rC+ Will+ Regen+}
HPRegen  1.33/turn              K - ring "Restrained Together" {Wiz, Elem, Evo} (curse)
MPRegen  0.31/turn              Q - ring of the Chained Planets {Slay+4, Alch, Self} (curse)

@: constricted, slow
A: fangs 1, strong nose, distributed training
a: Renounce Religion, Evoke Invisibility, Shatter the Chains


You were on level 2 of the Snake Pit.
You worshipped Ashenzari.
Ashenzari was extremely pleased with you.
You visited 4 branches of the dungeon, and saw 25 of its levels.
You also visited: Bailey.

You collected 3172 gold pieces.
You spent 2299 gold pieces at shops.

Inventory:

Hand Weapons
 s - a +6 vampiric demon whip (weapon)
 F - the +11 glaive "Zice" {venom, Str+3}
   (You found it on level 1 of the Snake Pit)

   It poisons the flesh of those it strikes.
   It affects your strength (+3).
 M - the +6 great sword of Infinite Pain {vorpal, Str+4}
   (You found it on level 2 of the Snake Pit)

   It inflicts extra damage upon your enemies.
   It affects your strength (+4).
 O - the +7 war axe of the Shoals {holy, rF+ Will- Dex+3 Stlth+}
   (You found it on level 6 of the Dungeon)

   It has been blessed by the Shining One to cause great damage to the undead
   and demons.
   It affects your dexterity (+3).
   It protects you from fire.
   It decreases your willpower.
   It makes you more stealthy.
Armour
 e - the cursed scarf "Share My Seer" (worn) {+Inv, Melee, Alch}
   (You found it on level 14 of the Dungeon)

   It has a curse which improves the following skills: Melee Combat: Short
   Blades, Long Blades, Axes, Maces & Flails, Polearms, Staves and Unarmed
   Combat.
   Alchemy:   Poison Magic and Transmutations.
 p - the cursed +3 leather armour "Eternal Serendipity" (worn) {rPois, Evo, Bglg}
   (You took it off Ijyb on level 3 of the Dungeon)

   It has a curse which improves the following skills: Evocations: Evocations.
   Beguiling: Conjurations, Hexes and Translocations.
 w - the cursed +0 buckler of Toth-Mos's Legacy (worn) {Bglg, Fort}
   (You found it on level 4 of the Dungeon)

   It has a curse which improves the following skills: Beguiling: Conjurations,
   Hexes and Translocations.
   Fortitude: Armour and Shields.
 A - the cursed +3 hat of Pondering (worn) {ponderous, Will+ MP+10 Int+5, Range, Elem}
   (You took it off Gastronok on level 3 of the Lair of Beasts)

   It affects your intelligence (+5).
   It affects your magic capacity (+10).
   It increases your willpower.
   It has a curse which improves the following skills: Ranged Combat: Slings,
   Bows, Crossbows and Throwing.
   Elements:  Fire Magic, Ice Magic, Air Magic and Earth Magic.
 U - the cursed +1 pair of boots of Ashenzari's Seer (worn) {rampage, Comp, Cun}
   (You found it in a bailey)

   It has a curse which improves the following skills: Companions: Summonings
   and Necromancy.
   Cunning:   Dodging and Stealth.
 X - the cursed +0 pair of gloves of Desmomancy (worn) {Elem, Self}
   (You found it on level 11 of the Dungeon)

   It has a curse which improves the following skills: Elements: Fire Magic, Ice
   Magic, Air Magic and Earth Magic.
   Introspection: Fighting and Spellcasting.
Magical Staves
 D - a staff of earth
Jewellery
 b - a +6 ring of dexterity
 t - a +6 ring of strength
 C - a ring of poison resistance
 G - a ring of flight
 K - the cursed ring "Restrained Together" (left hand) {Wiz, Elem, Evo}
   (You found it on level 4 of the Lair of Beasts)

   [ring of wizardry]

   It improves your spell success rate.
   It has a curse which improves the following skills: Elements: Fire Magic, Ice
   Magic, Air Magic and Earth Magic.
   Evocations: Evocations.
 Q - the cursed ring of the Chained Planets (right hand) {Slay+4, Alch, Self}
   (You found it on level 9 of the Dungeon)

   [ring of slaying]

   It affects your accuracy and damage with ranged weapons and melee attacks
   (+4).
   It has a curse which improves the following skills: Alchemy: Poison Magic and
   Transmutations.
   Introspection: Fighting and Spellcasting.
 S - a ring of wizardry
 Y - the amulet "Ruisoc" (around neck) {rPois rC+ Will+ Regen+}
   (You bought it in a shop on level 2 of the Snake Pit)

   [amulet of regeneration]

   It protects you from cold.
   It protects you from poison.
   It increases your rate of health regeneration.
   It increases your willpower.
Wands
 a - a wand of iceblast (30)
 o - a wand of flame (14)
 I - a wand of paralysis (26)
 R - a wand of digging (9)
Scrolls
 c - 4 scrolls of fear
 h - 5 scrolls of immolation
 i - 6 scrolls of enchant armour
 l - 13 scrolls of teleportation
 v - 4 scrolls of magic mapping
 y - 3 scrolls of blinking
 H - 4 scrolls of amnesia
 J - 2 scrolls of summoning
 L - a scroll of silence
 W - 3 scrolls of fog
Potions
 f - 4 potions of ambrosia
 g - a potion of invisibility
 k - 11 potions of curing
 m - 3 potions of might
 n - 2 potions of heal wounds
 q - 3 potions of brilliance
 r - 2 potions of lignification
 x - 4 potions of cancellation
 z - 5 potions of mutation
 B - a potion of berserk rage
 E - 5 potions of resistance
 N - a potion of haste
 T - a potion of magic
 V - 9 potions of flight
Miscellaneous
 u - a tin of tremorstones (2/2)
 Z - a phantom mirror


   Skills:
 + Level 11.7(15.4) Fighting
 + Level 11.7(14.1) Short Blades
 + Level 11.7(14.1) Long Blades
 + Level 11.7(14.1) Axes
 + Level 11.7(14.1) Maces & Flails
 + Level 11.7(14.1) Polearms
 + Level 11.7(14.1) Staves
 + Level 11.7(14.1) Slings
 + Level 11.7(14.1) Bows
 + Level 11.7(14.1) Crossbows
 + Level 11.7(14.1) Throwing
 + Level 11.7(14.1) Armour
 + Level 12.4(14.8) Dodging
 + Level 12.3(14.7) Stealth
 + Level 11.7(14.1) Shields
 + Level 11.7(14.1) Unarmed Combat
 + Level 13.4(17.0) Spellcasting
 + Level 10.2(14.0) Conjurations
 + Level 10.0(13.8) Hexes
 + Level 10.2(12.7) Summonings
 + Level 10.0(12.5) Necromancy
 + Level 10.2(14.0) Translocations
 + Level 10.0(13.8) Transmutations
 + Level 10.0(14.9) Fire Magic
 + Level 10.0(14.9) Ice Magic
 + Level 10.0(14.9) Air Magic
 + Level 10.0(14.9) Earth Magic
 + Level 10.0(13.8) Poison Magic
 + Level 12.6 Invocations
 + Level 11.7(15.4) Evocations


You had 6 spell levels left.
You knew the following spells:

 Your Spells              Type           Power      Damage    Failure   Level
a - Magic Dart            Conj           100%       1d8       0%          1
b - Blink                 Tloc           N/A        N/A       0%          2
c - Call Imp              Summ           69%        N/A       1%          2
d - Mephitic Cloud        Conj/Pois/Air  73%        N/A       1%          3
e - Swiftness             Air            75%        N/A       0%          3
f - Vampiric Draining     Necr           34%        2d10      1%          3
g - Airstrike             Air            37%        N/A       1%          4
h - Agony                 Necr           69%        N/A       1%          5
i - Lightning Bolt        Conj/Air       37%        1d55      1%          5
j - Iron Shot             Conj/Erth      37%        9d7       1%          6
k - Statue Form           Tmut/Erth      49%        N/A       1%          6
l - Animate Dead          Necr           34%        N/A       1%          4

Your spell library contained the following spells:

 Spells                   Type           Power      Damage    Failure   Level
 Animate Skeleton         Necr           100%       N/A       0%          1
 Corona                   Hex            80%        N/A       0%          1
 Pain                     Necr           100%       1d9       0%          1
 Shock                    Conj/Air       100%       1d9       0%          1
 Corpse Rot               Necr/Air       N/A        N/A       0%          2
 Ensorcelled Hibernation  Hex/Ice        100%       N/A       0%          2
 Slow                     Hex            72%        N/A       0%          2
 Static Discharge         Conj/Air       74%        N/A       0%          2
 Conjure Flame            Conj/Fire      74%        6-21      0%          3
 Sublimation of Blood     Necr           34%        N/A       1%          2
 Confusing Touch          Hex            72%        N/A       1%          3
 Dazzling Flash           Conj/Hex       100%       N/A       1%          3
 Gell's Gravitas          Tloc           36%        N/A       1%          3
 Tukima's Dance           Hex            72%        N/A       1%          3
 Animate Armour           Summ/Erth      100%       N/A       1%          4
 Dispel Undead            Necr           69%        3d23      1%          4
 Leda's Liquefaction      Hex/Erth       37%        N/A       1%          4
 Petrify                  Tmut/Erth      74%        N/A       1%          4
 Bolt of Magma            Conj/Fire/Erth 37%        4d16      1%          5
 Excruciating Wounds      Necr           34%        N/A       1%          5
 Metabolic Englaciation   Hex/Ice        37%        N/A       1%          5
 Yara's Violent Unravell  Hex/Tmut       36%        3d15      1%          5
 Shatter                  Erth           37%        3d30*     92%         9


Dungeon Overview and Level Annotations

Branches:
Dungeon (15/15)            Temple (0/1) D:6            Lair (6/6) D:11
 Shoals (0/4) Lair:4        Snake (2/4) Lair:4        Slime (0/5) Lair:5
    Orc (2/2) D:12            Elf (0/3) Orc:2        Vaults (0/5) D:14
 Depths (0/5) D:15         Bailey (visited)

Altars:
Ashenzari
Dithmenos
Elyvilon
Gozag
Kikubaaqudgha
Okawaru
Qazlal
Ru
Sif Muna
Zin
The Shining One
Beogh

Shops:
D:6 [   D:14 *   Orc:2 !*=(   Snake:2 =![

Portals:
Pandemonium: Orc:2


Innate Abilities, Weirdness & Mutations

You have very sharp teeth.
Your uncanny sense of smell can sniff out nearby items.
Your experience applies equally to all skills.


Message History

The anaconda constricts you.
Casting: Iron Shot (mildly dangerous; 1% risk of failure)
Confirm with . or Enter, or press ? or * to list all spells.
Aiming: Iron Shot (mildly dangerous; 1% risk of failure)
Press: ? - help, Shift-Dir - straight line, f/p - shock serpent
Aim: a shock serpent (severely wounded, 57% to hit)
The iron shot hits the shock serpent!!!
The shock serpent is severely wounded.
The shock serpent's electric aura discharges violently, shocking you!
The anaconda bites you! The anaconda constricts you.
The shock serpent shoots out a bolt of lightning at you!
The bolt of electricity hits you!!
* * * LOW HITPOINT WARNING * * *
The anaconda bites you but does no damage.
* * * LOW HITPOINT WARNING * * *
The anaconda constricts you. The shock serpent bites you.
* * * LOW HITPOINT WARNING * * *
The shock serpent shocks you!
* * * LOW HITPOINT WARNING * * *
The shock serpent barely misses you.
The anaconda's grasp on you weakens, but your attempt to escape fails.
The anaconda bites you but does no damage.
* * * LOW HITPOINT WARNING * * *
The anaconda constricts you.
The shock serpent bites you but does no damage.
The shock serpent shoots out a bolt of lightning at you!
The bolt of electricity misses you. The anaconda closely misses you.
* * * LOW HITPOINT WARNING * * *
The anaconda constricts you.
You feel much better.
The shock serpent shoots out a bolt of lightning at you!
The bolt of electricity hits you!
* * * LOW HITPOINT WARNING * * *
The anaconda barely misses you.
* * * LOW HITPOINT WARNING * * *
The anaconda constricts you. You block the shock serpent's attack.
The shock serpent barely misses you. The shock serpent bites you!
* * * LOW HITPOINT WARNING * * *
The shock serpent shocks you!
You die...

###....##..###.##.<...##...#
.#.
#....###.###......##....##,
#* #...####.....##........##
########.##...###.##...#* **
#..#....##.#,,#...
*#).#....#..# *.## *
*#....#...#.##.#..* * ***
#.##.....S.......,* ,
,*.......@........ * ,
........SS..#.... * *, , ,,
#..........##,..#* **
*#...........# * #
####...#....# #####....#
#...## #####


You could see an anaconda and 2 shock serpents.

Vanquished Creatures
  Gastronok (Lair:3)
  A sphinx (D:15)
  A tengu reaver (D:15)
  Kirke (D:12)
  2 nagarajas (Snake:2)
  A frost giant (D:15)
  A ghost moth (shapeshifter) (D:15)
  A stone giant (D:15)
  2 fire dragons
  A naga warrior (Snake:1)
  3 yaktaur captains (D:15)
  2 boulder beetles
  10 hydras
  Fannar (Orc:1)
  3 rakshasas (D:15)
  2 ogre magi (D:15)
  Erolcha (D:9)
  8 vault guards (D:14)
  Erica (D:9)
  9 centaur warriors
  2 two-headed ogres
  3 anacondas (Snake:2)
  A death knight (D:15)
  7 death yaks
  3 tengu warriors
  3 naga sharpshooters
  Urug (D:11)
  4 shock serpents
  7 orc high priests
  Nergalle (D:12)
  A sun demon (Orc:2)
  3 naga ritualists
  2 infernal demonspawn (Orc:2)
  A skeletal warrior (D:15)
  A wizard (D:15)
  A harpy (D:15)
  8 orc knights
  4 deep elf pyromancers
  A phantasmal warrior (D:15)
  2 lindwurms (Lair:6)
  An orb spider (shapeshifter) (D:15)
  2 wolf spiders (D:15)
  6 mana vipers
  7 oklob plants
  5 orc sorcerers (Orc:2)
  8 cyclopes
  15 ugly things
  7 manticores
  A salamander (Snake:2)
  A faun (shapeshifter) (D:15)
  17 elephants
  Joseph (D:9)
  30 black mambas
  4 molten gargoyles
  2 gargoyles (D:13)
  3 naga magi
  15 cane toads
  A kobold demonologist (D:10)
  Maggie (D:6)
  A hellwing (Orc:2)
  2 rime drakes
  14 komodo dragons
  A yaktaur (shapeshifter) (D:15)
  4 freezing wraiths (D:15)
  A tengu conjurer (D:15)
  5 meliai
  9 trolls
  A polar bear (Lair:6)
  15 slime creatures
  Prince Ribbit (D:9)
  19 blink frogs
  A centaur simulacrum (D:15)
  A shadow (D:12)
  2 wraiths (D:15)
  8 wyverns
  12 spriggans (Lair:3)
  2 hogs (D:12)
  36 yaks
  A chaos spawn (Orc:2)
  A steam dragon (D:10)
  13 vampire mosquitoes
  7 basilisks
  Menkaure (D:5)
  Edmund (D:5)
  15 water moccasins
  2 wargs (Orc:2)
  16 nagas
  Duvessa (D:4)
  3 acid dragons
  4 hell hounds (Lair:6)
  40 orc warriors
  A hornet zombie (D:9)
  2 sky beasts
  A swamp drake (D:12)
  An ice beast (D:8)
  4 ogres
  5 boggarts (D:15)
  9 wolves
  3 centaurs
  A phantom (D:6)
  2 kobold brigands
  A gnoll sergeant (D:8)
  14 bullfrogs
  4 scorpions
  Dowan (D:4)
  A wyvern skeleton (D:6)
  48 killer bees
  7 wights
  7 electric eels
  A crimson imp (D:4)
  3 centaur zombies
  4 howler monkeys
  5 lava snakes (Lair:6)
  A centaur skeleton (D:6)
  5 hounds
  19 orc priests
  3 bullfrog skeletons
  3 iguanas
  12 orc wizards
  Natasha (twice) (D:3)
  6 gnolls
  A howler monkey skeleton (D:7)
  2 adders
  3 shadow imps
  15 white imps
  2 ufetubi (D:6)
  2 dart slugs
  72 orcs
  4 endoplasms
  3 giant cockroaches
  9 goblins
  8 hobgoblins
  3 jackals (D:1)
  11 kobolds
  A quokka (D:1)
  6 ball pythons
  6 bats
  A frilled lizard (D:1)
  A hobgoblin zombie (D:4)
  3 kobold skeletons (D:4)
  An orc skeleton (D:4)
  A rat (D:1)
  2 butterflies
808 creatures vanquished.

Vanquished Creatures (collateral kills)
  Harold (D:7)
  A sun demon (Orc:2)
  A torturous demonspawn (Orc:2)
  Pikel (D:5)
  An orc sorcerer (Orc:2)
  A rust devil (Orc:2)
  3 komodo dragons
  Grinder (D:4)
  Sigmund (D:5)
  A steam dragon (D:8)
  A yak (D:9)
  An orc warrior (Bailey)
  A black bear (D:8)
  2 ogres
  A bullfrog (D:4)
  A scorpion (D:7)
  A wight (D:8)
  2 orc priests
  A hound (D:5)
  Ijyb (D:3)
  Jessica (D:3)
  Natasha (D:3)
  Terence (D:3)
  An iguana (D:7)
  An orc wizard (D:8)
  A gnoll (D:8)
  3 adders
  2 worms (D:2)
  20 orcs
  A ball python (D:2)
  2 bats
  An endoplasm (D:4)
  A giant cockroach (D:2)
  4 jackals (D:4)
  3 kobolds
  A goblin (D:4)
  A goblin zombie (D:4)
  A kobold skeleton (D:4)
  An orc zombie (D:4)
  A rat (D:2)
72 creatures vanquished.

Vanquished Creatures (others)
  A wolf spider simulacrum (D:15)
  4 humans (D:12)
  A howler monkey (D:12)
  3 orcs (D:12)
  A bush (Lair:6)
  53 fungi
  72 plants
  2 withered plants (D:3)
137 creatures vanquished.

Grand Total: 1017 creatures vanquished

Notes
Turn   | Place    | Note
-------+----------+-------------------------------------------
     0 | D:1      | Illumine the Gnoll Hedge Wizard began the quest for the
                  | Orb.
     0 | D:1      | Reached XP level 1. HP: 13/13 MP: 8/8
   208 | D:1      | Reached XP level 2. HP: 15/19 MP: 1/10
   298 | D:1      | Learned a level 2 spell: Blink
   301 | D:1      | Learned a level 2 spell: Call Imp
   338 | D:1      | Found a faded altar of an unknown god.
   832 | D:1      | Reached XP level 3. HP: 25/25 MP: 8/11
  1287 | D:2      | Reached skill level 1 in Invocations
  1459 | D:2      | Reached skill level 1 in Fighting
  1459 | D:2      | Reached skill level 1 in Short Blades
  1459 | D:2      | Reached skill level 1 in Long Blades
  1459 | D:2      | Reached skill level 1 in Axes
  1459 | D:2      | Reached skill level 1 in Maces & Flails
  1459 | D:2      | Reached skill level 1 in Polearms
  1459 | D:2      | Reached skill level 1 in Staves
  1459 | D:2      | Reached skill level 1 in Slings
  1459 | D:2      | Reached skill level 1 in Bows
  1459 | D:2      | Reached skill level 1 in Crossbows
  1459 | D:2      | Reached skill level 1 in Throwing
  1459 | D:2      | Reached skill level 1 in Armour
  1459 | D:2      | Reached skill level 1 in Shields
  1459 | D:2      | Reached skill level 1 in Unarmed Combat
  1459 | D:2      | Reached skill level 1 in Evocations
  1675 | D:2      | Reached XP level 4. HP: 32/32 MP: 10/13
  2430 | D:3      | Reached skill level 1 in Hexes
  2430 | D:3      | Reached skill level 1 in Necromancy
  2430 | D:3      | Reached skill level 1 in Transmutations
  2430 | D:3      | Reached skill level 1 in Fire Magic
  2430 | D:3      | Reached skill level 1 in Ice Magic
  2430 | D:3      | Reached skill level 1 in Air Magic
  2430 | D:3      | Reached skill level 1 in Earth Magic
  2430 | D:3      | Reached skill level 1 in Poison Magic
  2496 | D:3      | Found an ancient bone altar of Kikubaaqudgha.
  2505 | D:3      | Noticed Terence
  2515 | D:3      | Killed Terence
  2516 | D:3      | Reached XP level 5. HP: 37/37 MP: 4/14
  2676 | D:3      | Noticed Natasha
  2689 | D:3      | Killed Natasha
  2817 | D:3      | Noticed Natasha
  2826 | D:3      | Killed Natasha
  2976 | D:3      | Noticed Ijyb
  2984 | D:3      | Killed Ijyb
  3109 | D:3      | Found a white marble altar of Elyvilon.
  3109 | D:3      | Found a stormy altar of Qazlal.
  3142 | D:3      | Found an opulent altar of Gozag.
  3180 | D:3      | Noticed Jessica
  3189 | D:3      | Killed Jessica
  3327 | D:3      | Noticed Natasha
  3338 | D:3      | Killed Natasha
  3468 | D:4      | Noticed Dowan
  3470 | D:4      | Noticed Duvessa
  3507 | D:4      | Reached XP level 6. HP: 42/44 MP: 12/16
  3576 | D:4      | Killed Duvessa
  3577 | D:4      | Reached skill level 5 in Dodging
  3583 | D:4      | Killed Dowan
  3634 | D:4      | Noticed Grinder
  3713 | D:4      | Found a glowing golden altar of the Shining One.
  3845 | D:4      | Killed Grinder
  3846 | D:4      | Reached XP level 7. HP: 50/51 MP: 10/18
  4280 | D:4      | Found an iron altar of Okawaru.
  4393 | D:5      | Entered Level 5 of the Dungeon
  4409 | D:5      | Reached skill level 5 in Stealth
  4607 | D:5      | Noticed Pikel
  4620 | D:5      | Killed Pikel
  4621 | D:5      | Reached XP level 8. HP: 58/58 MP: 10/19
  4870 | D:5      | Learned a level 3 spell: Mephitic Cloud
  4873 | D:5      | Noticed Sigmund
  4894 | D:5      | Killed Sigmund
  5009 | D:5      | Found a broken altar of Ashenzari.
  5017 | D:5      | Became a worshipper of Ashenzari the Shackled
  5071 | D:5      | Noticed Edmund
  5102 | D:5      | Killed Edmund
  5103 | D:5      | Reached skill level 8 in Spellcasting
  5222 | D:5      | Noticed Menkaure
  5396 | D:5      | Killed Menkaure
  5650 | D:6      | Found a staircase to the Ecumenical Temple.
  5687 | D:6      | Found Quas's Armour Shoppe.
  5771 | D:6      | Reached XP level 9. HP: 56/65 MP: 18/21
  5959 | D:6      | Noticed Maggie
  6117 | D:7      | Reached * piety under Ashenzari
  6152 | D:7      | Learned a level 3 spell: Swiftness
  6325 | D:7      | Noticed a komodo dragon
  6344 | D:7      | Killed a komodo dragon
  6516 | D:7      | Found a sacrificial altar of Ru.
  6555 | D:7      | Reached ** piety under Ashenzari
  6822 | D:8      | Found a shadowy altar of Dithmenos.
  7045 | D:8      | Noticed Harold
  7079 | D:7      | Killed Harold
  7080 | D:7      | Reached skill level 5 in Invocations
  7229 | D:8      | Reached XP level 10. HP: 35/68 MP: 18/22
  7647 | D:9      | Noticed Erolcha
  7766 | D:9      | Noticed Erica
  7778 | D:9      | Killed Erica
  7779 | D:9      | Reached skill level 5 in Fighting
  7779 | D:9      | Reached skill level 5 in Short Blades
  7779 | D:9      | Reached skill level 5 in Long Blades
  7779 | D:9      | Reached skill level 5 in Axes
  7779 | D:9      | Reached skill level 5 in Maces & Flails
  7779 | D:9      | Reached skill level 5 in Polearms
  7779 | D:9      | Reached skill level 5 in Staves
  7779 | D:9      | Reached skill level 5 in Slings
  7779 | D:9      | Reached skill level 5 in Bows
  7779 | D:9      | Reached skill level 5 in Crossbows
  7779 | D:9      | Reached skill level 5 in Throwing
  7779 | D:9      | Reached skill level 5 in Armour
  7779 | D:9      | Reached skill level 5 in Shields
  7779 | D:9      | Reached skill level 5 in Unarmed Combat
  7779 | D:9      | Reached skill level 5 in Evocations
  7903 | D:9      | Found a glowing silver altar of Zin.
  8082 | D:9      | Killed Erolcha
  8083 | D:9      | Reached skill level 9 in Spellcasting
  8083 | D:9      | Reached skill level 5 in Conjurations
  8083 | D:9      | Reached skill level 5 in Summonings
  8083 | D:9      | Reached skill level 5 in Translocations
  8414 | D:9      | Learned a level 3 spell: Vampiric Draining
  8419 | D:9      | Learned a level 4 spell: Airstrike
  8448 | D:9      | Noticed a two-headed ogre
  8464 | D:9      | Killed a two-headed ogre
  8504 | D:9      | Reached XP level 11. HP: 78/81 MP: 7/24
  8606 | D:9      | Reached *** piety under Ashenzari
  8646 | D:9      | Noticed Prince Ribbit
  8658 | D:9      | Killed Prince Ribbit
  8798 | D:9      | Noticed Joseph
  9087 | D:10     | Entered Level 10 of the Dungeon
  9330 | D:9      | Reached skill level 5 in Hexes
  9330 | D:9      | Reached skill level 5 in Necromancy
  9330 | D:9      | Reached skill level 5 in Transmutations
  9330 | D:9      | Reached skill level 5 in Fire Magic
  9330 | D:9      | Reached skill level 5 in Ice Magic
  9330 | D:9      | Reached skill level 5 in Air Magic
  9330 | D:9      | Reached skill level 5 in Earth Magic
  9330 | D:9      | Reached skill level 5 in Poison Magic
  9542 | D:10     | Upgraded the game from 0.27-a0-1196-g3e9cee4 to
                  | 0.27-a0-1200-g94dc6ad
  9638 | D:10     | Reached **** piety under Ashenzari
  9711 | D:10     | Found a shimmering blue altar of Sif Muna.
  9717 | D:10     | Identified Sif Muna's Compendium of Changing
 10079 | D:10     | Learned a level 5 spell: Agony
 10163 | D:10     | Learned a level 5 spell: Lightning Bolt
 10183 | D:11     | Found a flagged portal.
 10191 | D:11     | Noticed a two-headed ogre
 10204 | D:11     | Killed a two-headed ogre
 10227 | Bailey   | Entered a bailey
 10884 | Bailey   | Noticed an orc knight
 10899 | Bailey   | Killed an orc knight
 10987 | D:11     | Noticed a cyclops
 11000 | D:11     | Killed a cyclops
 11012 | D:11     | Noticed a red ugly thing
 11136 | D:10     | Killed a red ugly thing
 11137 | D:10     | Reached XP level 12. HP: 83/95 MP: 26/28
 11205 | D:10     | Reached skill level 10 in Spellcasting
 11212 | D:11     | Noticed Urug
 11265 | D:11     | Found a staircase to the Lair.
 11300 | D:11     | Killed Urug
 12229 | Lair:1   | Entered Level 1 of the Lair of Beasts
 13417 | Lair:1   | Reached ***** piety under Ashenzari
 13950 | Lair:1   | Found a shimmering blue altar of Sif Muna.
 14636 | Lair:2   | Reached ****** piety under Ashenzari
 14987 | Lair:3   | Noticed a seven-headed hydra
 14992 | Lair:3   | Killed a seven-headed hydra
 15283 | Lair:2   | Reached XP level 13. HP: 85/111 MP: 27/33
 16433 | Lair:3   | Noticed Gastronok
 16455 | Lair:3   | Killed Gastronok
 16832 | Lair:3   | Reached skill level 11 in Spellcasting
 17944 | Lair:4   | Found a staircase to the Shoals.
 17968 | Lair:4   | Reached XP level 14. HP: 121/121 MP: 34/34
 17981 | Lair:4   | Reached skill level 10 in Dodging
 18196 | Lair:4   | Found a staircase to the Snake Pit.
 18561 | Lair:4   | Reached skill level 10 in Stealth
 19212 | Lair:5   | Reached skill level 10 in Invocations
 19430 | Lair:5   | Found a staircase to the Slime Pits.
 20103 | Lair:6   | Entered Level 6 of the Lair of Beasts
 20947 | Lair:6   | Found a large runed translucent door.
 20990 | Lair:6   | Reached XP level 15. HP: 129/129 MP: 32/36
 21223 | Lair:6   | Found a large runed translucent door.
 21257 | Lair:6   | Learned a level 6 spell: Iron Shot
 21264 | Lair:6   | Learned a level 6 spell: Statue Form
 21760 | D:12     | Noticed Kirke
 21801 | D:12     | Killed Kirke
 21818 | D:12     | Reached skill level 12 in Spellcasting
 22388 | D:12     | Reached skill level 10 in Fighting
 22388 | D:12     | Reached skill level 10 in Short Blades
 22388 | D:12     | Reached skill level 10 in Long Blades
 22388 | D:12     | Reached skill level 10 in Axes
 22388 | D:12     | Reached skill level 10 in Maces & Flails
 22388 | D:12     | Reached skill level 10 in Polearms
 22388 | D:12     | Reached skill level 10 in Staves
 22388 | D:12     | Reached skill level 10 in Slings
 22388 | D:12     | Reached skill level 10 in Bows
 22388 | D:12     | Reached skill level 10 in Crossbows
 22388 | D:12     | Reached skill level 10 in Throwing
 22388 | D:12     | Reached skill level 10 in Armour
 22388 | D:12     | Reached skill level 10 in Shields
 22388 | D:12     | Reached skill level 10 in Unarmed Combat
 22388 | D:12     | Reached skill level 10 in Evocations
 22394 | D:12     | Found a staircase to the Orcish Mines.
 22567 | D:12     | Noticed Nergalle
 22571 | D:12     | Killed Nergalle
 22888 | D:6      | Identified the +7 war axe of the Shoals {holy, rF+ Will-
                  | Dex+3 Stlth+}
 23038 | D:6      | Killed Maggie
 23372 | D:9      | Found a glowing silver altar of Zin.
 23475 | D:9      | Killed Joseph
 23997 | Orc:1    | Entered Level 1 of the Orcish Mines
 24114 | Orc:1    | Noticed Fannar
 24120 | Orc:1    | Killed Fannar
 24266 | Orc:2    | Entered Level 2 of the Orcish Mines
 24488 | Orc:2    | Found Emmo's General Store.
 24489 | Orc:2    | Found Usona's Distillery.
 24512 | Orc:1    | Learned a level 4 spell: Animate Dead
 24631 | Orc:2    | Found Nerghah's Jewellery Boutique.
 24631 | Orc:2    | Found Reekyske's Antique Weapon Shop.
 24976 | Orc:2    | Found a one-way gate leading to the halls of Pandemonium.
 25516 | Orc:2    | Found a staircase to the Elven Halls.
 26213 | D:13     | Reached XP level 16. HP: 138/138 MP: 35/37
 26793 | D:14     | Found a gate to the Vaults.
 27078 | D:14     | Found Syuridi's Demolitions Depot.
 27557 | D:15     | Entered Level 15 of the Dungeon
 28083 | D:15     | Found a glowing silver altar of Zin.
 28154 | D:15     | Found a glowing silver altar of Zin.
 28453 | D:15     | Found a staircase to the Depths.
 28526 | D:15     | Found an opulent altar of Gozag.
 28669 | D:15     | Identified the +8 ring mail of Midnight {rF+ rC- SInv}
 28716 | D:15     | Noticed a tengu reaver
 28730 | D:15     | Killed a tengu reaver
 29027 | D:15     | Identified the cursed +0 pair of gloves of Desmomancy
                  | {Elem, Self} (You found it on level 11 of the Dungeon)
 29027 | D:15     | Identified the cursed +1 pair of boots of Ashenzari's Seer
                  | {rampage, Comp, Cun} (You found it in a bailey)
 29027 | D:15     | Identified the cursed +3 leather armour "Eternal
                  | Serendipity" {rPois, Evo, Bglg} (You took it off Ijyb on
                  | level 3 of the Dungeon)
 29233 | D:15     | Identified the -5 buckler of the Armoured One {rElec Str-4
                  | Slay+3}
 29636 | D:15     | Reached XP level 17. HP: 133/142 MP: 30/38
 29638 | D:15     | Reached skill level 13 in Spellcasting
 30308 | D:15     | Identified the +3 falchion of the Madman {holy, *Noise rF+
                  | rN+ Dex+5}
 30308 | D:15     | Noticed a sphinx
 30370 | D:15     | Killed a sphinx
 30684 | D:15     | Reached skill level 10 in Conjurations
 30684 | D:15     | Reached skill level 10 in Summonings
 30684 | D:15     | Reached skill level 10 in Translocations
 31057 | Snake:1  | Entered Level 1 of the Snake Pit
 31493 | Snake:1  | Identified the +11 glaive "Zice" {venom, Str+3}
 31978 | Snake:2  | Found Miacisto's Antique Armour Shoppe.
 31978 | Snake:2  | Found Xongehi's Distillery.
 31986 | Snake:2  | Reached skill level 10 in Hexes
 31986 | Snake:2  | Reached skill level 10 in Necromancy
 31986 | Snake:2  | Reached skill level 10 in Transmutations
 31986 | Snake:2  | Reached skill level 10 in Fire Magic
 31986 | Snake:2  | Reached skill level 10 in Ice Magic
 31986 | Snake:2  | Reached skill level 10 in Air Magic
 31986 | Snake:2  | Reached skill level 10 in Earth Magic
 31986 | Snake:2  | Reached skill level 10 in Poison Magic
 32203 | Snake:2  | Found Zabuus's Jewellery Shoppe.
 32207 | Snake:2  | Identified the +6 great sword of Infinite Pain {vorpal,
                  | Str+4}
 32217 | Snake:2  | Bought the amulet "Ruisoc" {rPois rC+ Will+ Regen+} for 699
                  | gold pieces
 32221 | Snake:2  | Bought the +0 pair of fencer's gloves {Riposte Dex+3} for
                  | 1600 gold pieces
 32221 | Snake:2  | Found the +0 pair of fencer's gloves {Riposte Dex+3}
 32682 | Snake:2  | HP: 7/142 [anaconda (2)]
 32683 | Snake:2  | HP: 2/142 [shock serpent (8)]
 32683 | Snake:2  | Mangled by a shock serpent

Illustrated notes

Levels and vault maps discovered:
D:1:      minmay_arrival_stone_box, layout_loops_cross,
          chequers_ecumenical_altar_simple
D:2:      layout_basic, minmay_misc_feat_encased
D:3:      layout_loops_cross, kiku_gazebo_garden_becter, general_overflow_altar,
          gammafunk_temple_overflow_statue, uniq_jessica, uniq_ijyb,
          uniq_terence, uniq_natasha
D:4:      layout_rooms, nicolae_tso_besieged_by_evil, kennysheep_mini_moat,
          minivault_14, grunt_tough_drop, uniq_grinder, uniq_duvessa
D:5:      layout_basic, overflow_temple_1_default, uniq_menkaure, uniq_pikel,
          uniq_edmund, uniq_sigmund
D:6:      layout_loops_ring, minmay_temple_entry_waves, serial_shops, shop,
          minmay_quadrilaterals, uniq_maggie
D:7:      layout_basic, nicolae_ru_the_path_less_chosen
D:8:      layout_cave_pools, marbit_many_paths, uniq_harold
D:9:      lemuel_flame_loot_2, layout_basic, zin_scriptorium,
          serial_corexii_hall, chequers_hall_statues_corner_a,
          chequers_hall_statues_corner_a, hangedman_decor_riveting, uniq_erica,
          uniq_prince_ribbit1, uniq_joseph, uniq_erolcha
D:10:     layout_loops_ring, led_sif_book, minivault_19
D:11:     layout_loops_cross, erik_lair_island, enter_bailey_5,
          portal_ice_cave_entry_imps, uniq_urug
D:12:     layout_irregular_city, erik_orc_1, uniq_nergalle, uniq_kirke
D:13:     layout_irregular_city, evilmike_minifort
D:14:     minmay_general_purpose_star, layout_loops_ring, erik_vaults_2,
          nicolae_blasting_shop, corexii_hall_statues_l
D:15:     hangedman_slaughterboxes, serial_shops
Lair:1:   layout_chaotic_city, basic_altar, lemuel_fruit_fields,
          grunt_megastairs_4, infiniplex_staircase_pool,
          minmay_lair_oklob_chamber
Lair:2:   layout_regular_city, chequers_serial_rivers_large_a,
          serial_bayou_shore_a
Lair:3:   wad_woods_minihive, layout_long_grid, grunt_forest_stairs_basic,
          nzn_random_ring, uniq_gastronok
Lair:4:   layout_cave_pods, elwin_shoals_entry_rocks,
          minmay_snake_entry_six_corridors, st_stairs_10
Lair:5:   layout_gridlike, minmay_slime_entry_oklob_enclosed,
          infiniplex_staircase_pool_2, grunt_megastairs_3
Lair:6:   cheibrodos_lair_end_hotspot, layout_loops_ring
Snake:1:  layout_onion
Snake:2:  layout_misc_corridors, nicolae_snake_gridmaze_swirls, minmay_shop_star
Orc:1:    layout_diamond_mine, uniq_fannar
Orc:2:    pf_orc_diabolical, layout_caves, basic_altar

Skill      XL: |  1  2  3  4  5  6  7  8  9 10 11 12 13 14 15 16 17 |
---------------+----------------------------------------------------+-----
Conjurations   | 2 3 4 5 6 7 8 9 10 | 10.2
Summonings     | 2 3 4 5 6 7 8 9 10 | 10.2
Translocations | 2 3 4 5 6 7 8 9 10 | 10.2
Invocations    | 1 2 3 4 5 6 7 8 9 10 11 12 | 12.6
Fighting       | 1 2 3 4 5 6 7 8 9 10 11 | 11.7
Short Blades   | 1 2 3 4 5 6 7 8 9 10 11 | 11.7
Long Blades    | 1 2 3 4 5 6 7 8 9 10 11 | 11.7
Axes           | 1 2 3 4 5 6 7 8 9 10 11 | 11.7
Maces & Flails | 1 2 3 4 5 6 7 8 9 10 11 | 11.7
Polearms       | 1 2 3 4 5 6 7 8 9 10 11 | 11.7
Staves         | 1 2 3 4 5 6 7 8 9 10 11 | 11.7
Slings         | 1 2 3 4 5 6 7 8 9 10 11 | 11.7
Bows           | 1 2 3 4 5 6 7 8 9 10 11 | 11.7
Crossbows      | 1 2 3 4 5 6 7 8 9 10 11 | 11.7
Throwing       | 1 2 3 4 5 6 7 8 9 10 11 | 11.7
Armour         | 1 2 3 4 5 6 7 8 9 10 11 | 11.7
Shields        | 1 2 3 4 5 6 7 8 9 10 11 | 11.7
Unarmed Combat | 1 2 3 4 5 6 7 8 9 10 11 | 11.7
Evocations     | 1 2 3 4 5 6 7 8 9 10 11 | 11.7
Hexes          | 1 2 3 4 5 6 7 8 9 10 | 10.0
Necromancy     | 1 2 3 4 5 6 7 8 9 10 | 10.0
Transmutations | 1 2 3 4 5 6 7 8 9 10 | 10.0
Fire Magic     | 1 2 3 4 5 6 7 8 9 10 | 10.0
Ice Magic      | 1 2 3 4 5 6 7 8 9 10 | 10.0
Air Magic      | 1 2 3 4 5 6 7 8 9 10 | 10.0
Earth Magic    | 1 2 3 4 5 6 7 8 9 10 | 10.0
Poison Magic   | 1 2 3 4 5 6 7 8 9 10 | 10.0
Dodging        | 5 6 7 8 9 10 11 12 | 12.4
Stealth        | 5 6 7 8 9 10 11 12 | 12.3
Spellcasting   | 8 9 10 11 12 13 | 13.4

Action                   |  1- 3 |  4- 6 |  7- 9 | 10-12 | 13-15 | 16-18 || total
-------------------------+-------+-------+-------+-------+-------+-------++-------
Melee: Mace              |    17 |     5 |       |       |       |       ||    22
       Bite              |     1 |     7 |    16 |    32 |    65 |    44 ||   165
       Short sword       |       |    80 |    61 |       |       |       ||   141
       Punch             |       |     1 |     2 |       |       |       ||     3
       Dagger            |       |       |    24 |       |       |       ||    24
       War axe           |       |       |   113 |   351 |   762 |   285 ||  1511
       Flail             |       |       |    15 |       |       |       ||    15
       Demon whip        |       |       |       |       |       |   182 ||   182
Throw: Dart              |       |       |       |     2 |       |       ||     2
 Cast: Magic Dart        |    65 |    46 |     8 |     2 |     1 |       ||   122
       Call Imp          |    12 |    45 |    84 |    44 |       |       ||   185
       Mephitic Cloud    |       |       |     6 |    62 |    23 |     6 ||    97
       Airstrike         |       |       |       |   130 |   145 |    28 ||   303
       Lightning Bolt    |       |       |       |     7 |    74 |    27 ||   108
       Swiftness         |       |       |       |     1 |       |       ||     1
       Iron Shot         |       |       |       |       |    51 |   129 ||   180
       Animate Dead      |       |       |       |       |     7 |     1 ||     8
       Statue Form       |       |       |       |       |       |     4 ||     4
       Blink             |       |       |       |       |       |     1 ||     1
Invok: Curse Item        |       |       |     3 |     7 |     1 |     2 ||    13
       Shatter the Chain |       |       |       |       |     1 |     4 ||     5
 Abil: Evoke Invisibilit |       |       |       |       |       |     1 ||     1
Evoke: Wand              |       |       |       |     3 |     1 |       ||     4
  Use: Potion            |       |       |       |     3 |       |     3 ||     6
       Scroll            |       |       |       |     1 |     4 |    10 ||    15
 Stab: Distracted        |     1 |     4 |     7 |       |     3 |       ||    15
       Sleeping          |       |     2 |     4 |     7 |     8 |    10 ||    31
       Confused          |       |       |     1 |    30 |    33 |     6 ||    70
       Invisible         |       |       |       |       |       |     4 ||     4
Armor: Robe              |     2 |     7 |    19 |       |       |       ||    28
       Leather armour    |       |       |    19 |    51 |   146 |   120 ||   336
       Skin              |       |       |       |       |       |    15 ||    15
Dodge: Dodged            |    29 |    65 |   221 |   318 |   610 |   345 ||  1588
Block: Buckler           |       |       |    30 |   123 |   216 |   129 ||   498

Table legend: (Time is in decaauts)
 A = Elapsed time spent in this place.
 B = Non-inter-level travel time spent in this place.
 C = Inter-level travel time spent in this place.
 D = Time resting spent in this place.
 E = Time spent auto-exploring this place.
 F = Levels seen in this place.
 G = Mean time per level.
                   A        B        C        D        E       F      G
               +--------+--------+--------+--------+--------+-----+--------+
         Total |  33600 |  31823 |   1777 |  10107 |  13739 |  26 | 1292.3 |
       Dungeon |  19780 |  18812 |    968 |   5370 |   8944 |  15 | 1318.7 |
          Lair |   9716 |   9038 |    678 |   3252 |   3874 |   6 | 1619.3 |
     Snake Pit |   1661 |   1628 |     33 |    695 |    444 |   2 |  830.5 |
  Orcish Mines |   1680 |   1585 |     95 |    446 |    476 |   2 |  840.0 |
        Bailey |    761 |    761 |      0 |    344 |      0 |   1 |  761.0 |
               +--------+--------+--------+--------+--------+-----+--------+

Top non-repeatable levels by time:
    D:15: 3491 daAuts
     D:9: 2253 daAuts
  Lair:3: 2183 daAuts
  Lair:1: 2038 daAuts
  Lair:2: 1672 daAuts
    D:12: 1398 daAuts
   Orc:2: 1371 daAuts
  Lair:5: 1345 daAuts
  Lair:6: 1279 daAuts
     D:2: 1260 daAuts
     D:3: 1221 daAuts
  Lair:4: 1197 daAuts
    D:11: 1187 daAuts
    D:10: 1176 daAuts
     D:1: 1051 daAuts
